 Dungeon Crawl Stone Soup version 0.20.1-1-g8b1a95d (webtiles) character file.

18065 Jawreze the Grappler (level 12, -2/122 HPs)
             Began as a Troll Monk on Sept 17, 2017.
             Was an Elder of Ashenzari.
             Slain by a two-headed ogre
             ... wielding a +0 dire flail
              (8 damage)
             ... on level 12 of the Dungeon.
             The game lasted 00:24:55 (10237 turns).

Jawreze the Grappler (Troll Monk)                  Turns: 10237, Time: 00:24:56

Health: -2/122     AC:  7    Str: 22    XL:     12   Next: 24%
Magic:  11/11      EV: 14    Int: 10    God:    Ashenzari [****..]
Gold:   703        SH:  0    Dex: 12    Spells: 11/11 levels left

rFire    . . .     SeeInvis +     - Unarmed
rCold    . . .     Gourm    +   (no shield)
rNeg     . . .     Faith    .   G - +0 troll leather armour
rPois    .         Spirit   .   (helmet restricted)
rElec    .         Reflect  .   y - scarf {cloud immunity}
rCorr    .         Harm     .   (gloves unavailable)
MR       .....     Clarity  +   (boots unavailable)
Stlth    +.........             (no amulet)
Regen    1.1/turn               (no ring)
MPRegen  0.2/turn               (no ring)

@: lethally poisoned (-2 -> -7), vulnerable, slowed, very slow
A: unfitting armour, claws 3, fast metabolism 3, gourmand, regeneration 1,
shaggy fur 1, tough skin 2
a: Curse Item, Scrying, Renounce Religion


You were on level 12 of the Dungeon.
You worshipped Ashenzari.
Ashenzari was greatly pleased with you.
You were not hungry.

You visited 2 branches of the dungeon, and saw 13 of its levels.

You collected 813 gold pieces.
You spent 110 gold pieces at shops.

Inventory:

Armour
 y - a scarf of cloud immunity (worn)
 G - a +0 troll leather armour (worn)
Jewellery
 c - a cursed -2 ring of evasion
 g - the ring of Wehalir {+Inv Str+3}
   (You found it on level 7 of the Dungeon)

   [ring of strength]

   It affects your strength (+3).
   It lets you turn invisible.
 h - an uncursed amulet of magic regeneration
 H - the ring of the Suns {Ice rElec Str+6}
   (You took it off a big kobold on level 7 of the Dungeon)

   [ring of ice]

   It enhances your ice magic.
   It affects your strength (+6).
   It makes you vulnerable to fire.
   It protects you from cold.
   It insulates you from electricity.
 I - the cursed ring "Cufanan" {+Inv rF+ Dex-3}
   (You found it on level 7 of the Dungeon)

   [ring of dexterity]

   It affects your dexterity (-3).
   It protects you from fire.
   It lets you turn invisible.
   It has a curse placed upon it.
 J - the amulet "Tipluh" {RegenMP rN+}
   (You found it on level 7 of the Dungeon)

   [amulet of magic regeneration]

   It increases your magic regeneration.
   It protects you from negative energy.
 O - an uncursed ring of positive energy
 Q - an uncursed ring of fire
Wands
 n - a wand of acid (6/15)
 s - a wand of acid (10/15)
 E - a wand of iceblast (14/15)
 T - a wand of clouds (2/9)
Scrolls
 d - 11 scrolls of identify
 j - 4 scrolls of recharging
 q - a scroll of noise
 w - 4 scrolls of teleportation
 x - 5 scrolls of remove curse
 C - a scroll of fog
 D - 2 scrolls of enchant armour
 L - a scroll of random uselessness
 M - a scroll of blinking
 Y - a scroll of enchant weapon
Potions
 a - a potion of agility
 e - 10 potions of curing
 f - 4 potions of mutation {unknown}
 i - 3 potions of degeneration {unknown}
 l - 5 potions of brilliance {unknown}
 o - 2 potions of might {unknown}
 r - 2 potions of lignification {unknown}
 t - 3 potions of cancellation {unknown}
 u - 2 potions of flight {unknown}
 v - a potion of invisibility {unknown}
 z - 5 potions of heal wounds
 F - a potion of berserk rage
 U - a potion of resistance {unknown}
 W - a potion of haste
 X - a potion of magic {unknown}
Books
 A - a Young Poisoner's Handbook

   Spells                             Type                      Level
   a - Sting                          Conjuration/Poison           1
   b - Poisonous Vapours              Poison/Air                   2
   c - Mephitic Cloud                 Conjuration/Poison/Air       3
   d - Olgreb's Toxic Radiance        Poison                       4
   e - Venom Bolt                     Conjuration/Poison           5
 B - a book of Air

   Spells                             Type                      Level
   a - Shock                          Conjuration/Air              1
   b - Swiftness                      Charms/Air                   2
   c - Static Discharge               Conjuration/Air              3
   d - Airstrike                      Air                          4
   e - Lightning Bolt                 Conjuration/Air              5
 K - a book of Maledictions

   Spells                             Type                      Level
   a - Corona                         Hexes                        1
   b - Ensorcelled Hibernation        Hexes/Ice                    2
   c - Confuse                        Hexes                        3
   d - Tukima's Dance                 Hexes                        3
   e - Dazzling Spray                 Conjuration/Hexes            3
 N - a book of Minor Magic

   Spells                             Type                      Level
   a - Magic Dart                     Conjuration                  1
   b - Blink                          Translocation                2
   c - Call Imp                       Summoning                    2
   d - Slow                           Hexes                        2
   e - Conjure Flame                  Conjuration/Fire             3
   f - Mephitic Cloud                 Conjuration/Poison/Air       3
 R - a book of Debilitation

   Spells                             Type                      Level
   a - Corona                         Hexes                        1
   b - Slow                           Hexes                        2
   c - Inner Flame                    Hexes/Fire                   3
   d - Portal Projectile              Hexes/Translocation          3
   e - Cause Fear                     Hexes                        4
   f - Leda's Liquefaction            Hexes/Earth                  4
 S - a book of Power

   Spells                             Type                      Level
   a - Iskenderun's Battlesphere      Conjuration/Charms           5
   b - Venom Bolt                     Conjuration/Poison           5
   c - Bolt of Magma                  Conjuration/Fire/Earth       5
   d - Iron Shot                      Conjuration/Earth            6
   e - Orb of Destruction             Conjuration                  7
   f - Spellforged Servitor           Conjuration/Summoning        7
Comestibles
 b - 8 bread rations
 k - 3 meat rations
 m - 6 royal jellies
 p - 7 fruits


   Skills:
 + Level 8.7 Fighting
 + Level 8.6 Dodging
 - Level 1.0 Stealth
 * Level 14.6 Unarmed Combat


You had 11 spell levels left.
You didn't know any spells.

Dungeon Overview and Level Annotations

Branches:
Dungeon (12/15)            Temple (1/1) D:4            Lair (0/6) D:9
    Orc (0/2) D:10

Altars:
Ashenzari
Cheibriados
Dithmenos
Fedhas
Gozag
Kikubaaqudgha
Makhleb
Nemelex Xobeh
Okawaru
Qazlal
Trog
Uskayaw
Xom
Yredelemnul
Zin
The Shining One

Shops:
D:6 (*   D:8 :   D:10 :


Innate Abilities, Weirdness & Mutations

You are too large for most types of armour.
You have claws for hands.
Your metabolism is lightning-fast.
You like to eat raw meat.
Your natural rate of healing is unusually fast.
You are covered in fur. (AC +1)
You have very tough skin. (AC +2)


Message History

Unknown command.
You barely miss the hornet.
The hornet is almost dead.
You feel sick. The orc misses you.
The hornet stings you but does no damage.
The two-headed ogre hits you with a dire flail!
* * * LOW HITPOINT WARNING * * *
The two-headed ogre completely misses you.
Number of times to repeat, then command key: You must enter the number of times for the command to repeat.
You feel sick. The orc misses you. The hornet misses you.
The hornet stings you!
* * * LOW HITPOINT WARNING * * *
You are more poisoned.
You feel as though you will be slow longer.
* * * LOW HITPOINT WARNING * * *
You feel very sick. The hornet closely misses you.
The two-headed ogre hits you with a dire flail!
You die...

.............>...................
......#####..........#####.......
......#,,,#..........#,,,#.......
..(...#,,,#..........#,,,#..(....
......#,,,#..........+,,,#.......
......#,,,##'###.....#,,,#.......
......#,,,,,,,,#.....#,∆,#.......
......#,,,,,,,,#.....#,,,#.......
......#,,,**,,,#@....#,,,####+###
......#,,,**,,,#yOo§.#,,,,,,,,,,,
......#,,,,,,,,#=....#,,,,,,,,,,,
...(..#,,,*****#.§...#,,,,,,,,,,,
......#,,,*,,,.......'...,,,,,,,,
......#,,,*,.........#...**,,,,,,
......#,,,+..........#,..**,,,,,,
#######,,,#..........#,,.,,,,,,,,
,,,,,**,,,#..........#,,,,,,,,,,,


You could see a two-headed ogre, a hornet and an orc.

Vanquished Creatures
  Erica (D:8)
  A two-headed ogre (D:9)
  Nergalle (D:10)
  2 unseen horrors
  Pikel (D:8)
  An ugly thing (D:11)
  Joseph (D:9)
  A cyclops (D:11)
  Maurice (D:8)
  A centaur skeleton (D:11)
  The ghost of LaGlobule the Chopper, a novice DsAK of Lugonu (D:6)
  3 trolls
  Prince Ribbit (D:5)
  Grinder (D:5)
  A wyvern (D:11)
  13 yaks
  Sigmund (D:2)
  A wraith (D:10)
  2 vampires
  2 hungry ghosts (D:7)
  A water moccasin (D:7)
  Duvessa (D:7)
  4 porcupines (D:9)
  12 orc warriors
  4 ice beasts
  5 sky beasts
  A black bear (D:7)
  7 ogres
  5 phantoms
  6 centaurs
  The ghost of Ymberti the Firebug, an amateur DEFE (D:3)
  2 big kobolds
  5 bullfrogs
  Dowan (D:7)
  A water moccasin skeleton (D:5)
  2 scorpions
  14 killer bees
  9 wights
  6 electric eels
  5 howler monkeys
  2 crimson imps
  A quasit (D:10)
  3 centaur zombies
  4 bullfrog zombies
  4 jellies
  A gnoll shaman (D:10)
  5 hounds
  12 orc priests
  2 bullfrog skeletons
  An iguana (D:10)
  7 worker ants
  11 orc wizards
  A killer bee zombie (D:7)
  A hound zombie (D:7)
  2 hound skeletons
  Robin (D:3)
  10 gnolls
  11 adders
  3 shadow imps
  An ooze (D:4)
  2 adder zombies
  An adder skeleton (D:7)
  3 worms
  3 dart slugs
  9 leopard geckos
  30 orcs
  5 giant cockroaches
  17 goblins
  12 hobgoblins
  7 jackals
  6 quokkas
  2 ball pythons (D:1)
  9 bats
  6 frilled lizards
  17 kobolds
  A leopard gecko zombie (D:5)
  A quokka skeleton (D:5)
  A quokka zombie (D:7)
  4 rats
348 creatures vanquished.

Vanquished Creatures (others)
  A slave (D:10)
  A bullfrog skeleton (D:10)
  An orc (D:10)
3 creatures vanquished.

Grand Total: 351 creatures vanquished

Notes
Turn   | Place    | Note
-------+----------+-------------------------------------------
     0 | D:1      | Jawreze the Troll Monk began the quest for the Orb.
     0 | D:1      | Reached XP level 1. HP: 22/22 MP: 0/0
   151 | D:1      | Reached XP level 2. HP: 29/29 MP: 1/1
   423 | D:1      | Reached skill level 4 in Unarmed Combat
   647 | D:1      | Reached XP level 3. HP: 36/36 MP: 2/2
  1084 | D:2      | Noticed Sigmund
  1094 | D:2      | Killed Sigmund
  1094 | D:2      | Reached skill level 6 in Unarmed Combat
  1094 | D:2      | Reached XP level 4. HP: 30/44 MP: 3/3
  1094 | D:2      | Reached XP level 5. HP: 34/50 MP: 4/4
  1356 | D:2      | Found a glowing silver altar of Zin.
  1552 | D:3      | Noticed Robin
  1576 | D:3      | Killed Robin
  1781 | D:3      | Noticed Ymberti's ghost (amateur DEFE)
  1791 | D:3      | Killed Ymberti's ghost
  1791 | D:3      | Reached skill level 7 in Unarmed Combat
  1791 | D:3      | Reached XP level 6. HP: 35/59 MP: 5/5
  2361 | D:4      | Found a shadowy altar of Dithmenos.
  2565 | D:4      | Reached XP level 7. HP: 53/66 MP: 6/6
  2599 | D:4      | Found a staircase to the Ecumenical Temple.
  2609 | Temple   | Entered the Ecumenical Temple
  2646 | Temple   | Became a worshipper of Ashenzari the Shackled
  2646 | Temple   | Reached * piety under Ashenzari
  2646 | Temple   | Reached ** piety under Ashenzari
  2709 | D:4      | Found a blossoming altar of Fedhas.
  2824 | D:4      | Found a stormy altar of Qazlal.
  2996 | D:5      | Entered Level 5 of the Dungeon
  2996 | D:5      | Noticed Prince Ribbit
  3002 | D:5      | Killed Prince Ribbit
  3002 | D:5      | Reached skill level 8 in Unarmed Combat
  3241 | D:5      | Noticed Grinder
  3248 | D:5      | Killed Grinder
  3248 | D:5      | Reached XP level 8. HP: 53/78 MP: 7/7
  3388 | D:5      | Reached skill level 9 in Unarmed Combat
  3435 | D:5      | Found a blossoming altar of Fedhas.
  3923 | D:6      | Noticed LaGlobule's ghost (novice DsAK)
  3958 | D:6      | Killed LaGlobule's ghost
  4146 | D:6      | Reached skill level 10 in Unarmed Combat
  4146 | D:6      | Reached XP level 9. HP: 69/85 MP: 8/8
  4266 | D:6      | Reached skill level 5 in Fighting
  4332 | D:6      | Found Ybridghos's Weapon Boutique.
  4335 | D:6      | Found Motrusat's General Store.
  4342 | D:6      | Bought a potion of berserk rage for 55 gold pieces
  4342 | D:6      | Bought a potion of heal wounds for 55 gold pieces
  4754 | D:7      | Reached skill level 5 in Dodging
  4967 | D:7      | Noticed Duvessa
  4967 | D:7      | Noticed Dowan
  4979 | D:7      | Killed Duvessa
  4984 | D:7      | Killed Dowan
  5098 | D:7      | Reached skill level 11 in Unarmed Combat
  5235 | D:7      | Noticed a troll
  5239 | D:7      | Killed a troll
  5239 | D:7      | Reached XP level 10. HP: 41/98 MP: 9/9
  5390 | D:7      | Identified the ring of the Suns {Ice rElec Str+6} (You took it off a big kobold on level 7 of the Dungeon)
  5464 | D:7      | Identified the ring of Wehalir {+Inv Str+3}
  5466 | D:7      | Identified the cursed ring "Cufanan" {+Inv rF+ Dex-3}
  5484 | D:7      | Identified the amulet "Tipluh" {RegenMP rN+}
  5646 | D:7      | Reached *** piety under Ashenzari
  5724 | D:8      | Noticed Maurice
  5724 | D:8      | Noticed Erica
  5738 | D:8      | Killed Erica
  5742 | D:8      | Killed Maurice
  5742 | D:8      | Reached skill level 12 in Unarmed Combat
  5930 | D:8      | Noticed Pikel
  6062 | D:8      | Killed Pikel
  6114 | D:8      | Found Xaumeiri's Book Shop.
  6399 | D:9      | Noticed a two-headed ogre
  6408 | D:9      | Killed a two-headed ogre
  6538 | D:9      | Reached XP level 11. HP: 84/109 MP: 10/10
  6698 | D:9      | Found a staircase to the Lair.
  6772 | D:9      | Reached skill level 13 in Unarmed Combat
  6860 | D:9      | Noticed Joseph
  6874 | D:9      | Killed Joseph
  7133 | D:9      | Found an opulent altar of Gozag.
  7290 | D:10     | Entered Level 10 of the Dungeon
  7290 | D:10     | Noticed an unseen horror
  7294 | D:10     | Killed an unseen horror
  7314 | D:10     | Found Rownax's Book Shoppe.
  7337 | D:10     | Noticed Nergalle
  7344 | D:10     | Killed Nergalle
  8145 | D:10     | Found a staircase to the Orcish Mines.
  8502 | D:11     | Reached **** piety under Ashenzari
  8533 | D:11     | Reached skill level 14 in Unarmed Combat
  9137 | D:11     | Reached XP level 12. HP: 46/122 MP: 11/11
 10154 | D:12     | Noticed a six-headed hydra
 10225 | D:12     | Paralysed by a hornet for 2 turns
 10229 | D:12     | Noticed a two-headed ogre
 10237 | D:12     | HP: 6/122 [poisoned by a hornet]
 10237 | D:12     | Slain by a two-headed ogre

Skill      XL: |  1  2  3  4  5  6  7  8  9 10 11 |
---------------+----------------------------------+-----
Unarmed Combat | 4 6 7 8 10 11 12 14 | 14.6
Fighting       | 3 4 6 7 8 |  8.7
Dodging        | 3 4 5 7 8 |  8.6
Stealth        | |  1.0

Action                   |  1- 3 |  4- 6 |  7- 9 | 10-12 || total
-------------------------+-------+-------+-------+-------++-------
Melee: Unarmed           |   103 |   109 |   277 |   576 ||  1065
       Punch             |     1 |     1 |     9 |    36 ||    47
  Use: Scroll            |       |       |     7 |     8 ||    15
 Stab: Sleeping          |     2 |     2 |     1 |     1 ||     6
       Distracted        |       |     1 |     1 |       ||     2
  Eat: Chunk             |    15 |    14 |    32 |    38 ||    99
Armor: Robe              |    46 |    18 |    52 |       ||   116
       Troll leather arm |       |       |       |   119 ||   119
Dodge: Dodged            |    59 |    31 |   137 |   359 ||   586
